 Dungeon Crawl Stone Soup version 0.26-a0-113-gd8a95b691d (webtiles) character file.

Game seed: 4950090814244635517

4041 QuietlyReading the Geomancer (level 10, -3/56 HPs)
             Began as a Gargoyle Earth Elementalist on June 26, 2020.
             Splashed by Maurice's acid (17 damage)
             ... on level 8 of the Dungeon.
             The game lasted 01:24:00 (8989 turns).

QuietlyReading the Geomancer (GrEE)                 Turns: 8989, Time: 01:24:01

Health: -3/56      AC: 16    Str: 13    XL:     10   Next: 24%
Magic:  18/20      EV: 13    Int: 18    God:
Gold:   349        SH:  0    Dex: 10    Spells: 13/22 levels left

rFire    + . .     SeeInvis .   t - +6 hand axe of Ibumu {flame, +Inv rC- Stlth+}
rCold    x . .     Faith    .   (no shield)
rNeg     + . .     Spirit   .   F - +2 animal skin
rPois    ∞         Reflect  .   y - +2 helmet
rElec    +         Harm     .   (no cloak)
rCorr    .                      p - +0 pair of gloves
MR       .....                  z - +0 pair of boots
Stlth    ++++......             g - amulet of magic regeneration
HPRegen  0.18/turn              h - ring of protection from fire
MPRegen  0.42/turn              C - ring of stealth

@: no status effects
A: negative energy resistance 1, electricity resistance, unbreathing,
petrification resistance, rot immunity, AC +7
a: Evoke Invisibility


You were on level 8 of the Dungeon.
You were not hungry.

You visited 2 branches of the dungeon, and saw 9 of its levels.

You collected 349 gold pieces.

Inventory:

Hand Weapons
 a - a +1 mace
 f - a +1 antimagic war axe
 k - a +2 dagger of draining
 t - the +6 hand axe of Ibumu (weapon) {flame, +Inv rC- Stlth+}
   (You found it on level 4 of the Dungeon)

   It has been specially enchanted to burn those struck by it, causing extra
   injury to most foes and up to half again as much damage against particularly
   susceptible opponents.
   Big, fiery blades are also staple armaments of hydra-hunters.
   It makes you vulnerable to cold.
   It lets you turn invisible.
   It makes you more stealthy.
 w - the +9 short sword of Fixation {chaos, rF+ rN+ MR- Str+4}
   (You found it on level 4 of the Dungeon)

   Each time it hits an enemy it has a different, random effect.
   It affects your strength (+4).
   It protects you from fire.
   It protects you from negative energy.
   It affects your resistance to hostile enchantments.
 K - a +2 dagger of venom
Missiles
 b - 71 stones (quivered)
Armour
 p - a +0 pair of gloves (worn)
 y - a +2 helmet (worn)
 z - a +0 pair of boots (worn)
 E - a +1 scale mail of cold resistance
 F - a +2 animal skin (worn)
 L - a +1 helmet
Jewellery
 c - a +6 ring of intelligence
 e - an uncursed amulet of magic regeneration
 g - an amulet of magic regeneration (around neck)
 h - a ring of protection from fire (left hand)
 r - an uncursed ring of poison resistance
 s - an uncursed ring of protection from fire
 B - an uncursed ring of see invisible {unknown}
 C - a ring of stealth (right hand)
Scrolls
 l - 2 scrolls of enchant weapon
 m - 2 scrolls of amnesia
 n - 3 scrolls of teleportation
 q - a scroll of enchant armour {unknown}
 v - 2 scrolls of magic mapping {unknown}
 x - 3 scrolls of remove curse
 A - 2 scrolls of fog {unknown}
 G - a scroll of acquirement {unknown}
 I - a scroll of identify
 J - a scroll of fear {unknown}
Potions
 i - a potion of magic {unknown}
 j - 3 potions of haste
 o - a potion of stabbing {unknown}
 u - a potion of ambrosia {unknown}
 D - 2 potions of curing
 H - a potion of heal wounds {unknown}
Comestibles
 d - 20 rations


   Skills:
 + Level 3.5 Fighting
 + Level 3.2 Maces & Flails
 + Level 3.4 Armour
 + Level 3.3 Dodging
 - Level 2.3 Stealth
 + Level 6.7 Spellcasting
 + Level 7.3 Conjurations
   Level 0.7 Transmutations
 + Level 9.4 Earth Magic
 + Level 2.9 Evocations


You had 13 spell levels left.
You knew the following spells:

 Your Spells              Type           Power        Failure   Level  Hunger
a - Sandblast             Erth           #####.       1%          1    None
b - Stone Arrow           Conj/Erth      #####.       1%          3    ##.....
c - Lee's Rapid Deconstr  Erth           #####.....   6%          5    #####..

Your spell library contained the following spells:

 Spells                   Type           Power        Failure   Level  Hunger
 Magic Dart               Conj           ####         1%          1    None
 Passwall                 Tmut/Erth      ###.....     1%          2    None
 Conjure Flame            Conj/Fire      ###.....     8%          3    ##.....
 Mephitic Cloud           Conj/Pois/Air  ##......     12%         3    ##.....
 Petrify                  Tmut/Erth      ###.....     14%         4    ####...
 Blink                    Tloc           N/A          17%         2    None
 Call Imp                 Summ           #.......     17%         2    None
 Slow                     Hex            #.......     17%         2    None


Dungeon Overview and Level Annotations

Branches:
Dungeon (8/15)             Temple (1/1) D:6
   Lair: D:8-11

Altars:
Cheibriados
Elyvilon
Fedhas
Gozag
Kikubaaqudgha
Nemelex Xobeh
Okawaru
Ru
Zin
The Shining One

Shops:
D:5 :

Annotations:
D:7 3 runed translucent doors, Flogoulo's ghost, novice GnCj; MalarOregon's ghost, novice DrTm; Restia's ghost, novice FoFi; Sassenached's ghost, novice GnWn
D:8 Erica; Maurice


Innate Abilities, Weirdness & Mutations

You are resistant to torment.
Your stone body is resilient. (AC +7)
You are immune to poison.
You resist negative energy. (rN+)
You are resistant to electric shocks. (rElec)
You can survive without breathing.
You are immune to petrification.
You are immune to rotting.


Message History

The stone arrow hits Maurice!
Maurice is severely wounded.
Casting: Stone Arrow (safe; 1% risk of failure)
Confirm with . or Enter, or press ? or * to list all spells.
Aiming: Stone Arrow (safe; 1% risk of failure)
Press: ? - help, Shift-Dir - straight line, f/p - Maurice
Aim: Maurice, wielding a +2 dagger of venom, wearing a +2 cloak of magic resistance and carrying a wand of acid (3) (severely wounded)
The stone arrow hits Maurice!
Maurice is almost dead.
Maurice gestures wildly while chanting.
Maurice flickers and vanishes!
Deactivating autopickup; reactivate with Ctrl-A.
You are no longer corroded.
Something hits you but does no damage.
You hear a zap.
A bolt of acid appears from out of thin air!
The bolt of acid hits you!
* * * LOW HITPOINT WARNING * * *
You are splashed with acid!
You die...

# ######### #.
........##################.#
.........{.@................
........#########.########..
........# #......)..# #.#
........####@####.##.#######
#..............##.##...#....
#..............#######.#.###
####+###........... #.#.#..
..............# #.#.#.#
#######.......###.#.#.#


There were no monsters in sight!

Vanquished Creatures
  Grinder (D:6)
  A spriggan (D:7)
  Grum (D:5)
  Menkaure (D:4)
  A black bear (D:6)
  2 orc warriors (D:7)
  3 sky beasts
  An ice beast (D:5)
  An ogre (D:6)
  2 centaurs (D:7)
  A wolf (D:5)
  2 bullfrogs
  2 big kobolds
  2 gnoll sergeants (D:5)
  3 scorpions
  The ghost of Stelteck the Chopper, a weakling HOMo (D:4)
  3 howler monkeys (D:8)
  4 crimson imps
  A bullfrog zombie (D:7)
  18 hounds
  8 orc wizards
  3 bullfrog skeletons
  A gnoll shaman (D:5)
  8 orc priests
  Crazy Yiuf (D:3)
  An iguana (D:5)
  4 worker ants
  4 adders
  13 gnolls
  A shadow imp (D:7)
  2 adder skeletons (D:4)
  4 worms
  6 dart slugs
  2 leopard geckos
  21 orcs
  4 ball pythons
  4 giant cockroaches
  4 goblins
  10 hobgoblins
  23 jackals
  3 quokkas
  9 bats
  4 frilled lizards
  19 kobolds
  2 leopard gecko zombies (D:5)
  A quokka zombie (D:5)
  7 rats
  A bush (D:7)
221 creatures vanquished.

Notes
Turn   | Place    | Note
-------+----------+-------------------------------------------
     0 | D:1      | QuietlyReading the Gargoyle Earth Elementalist began the
                  | quest for the Orb.
     0 | D:1      | Reached XP level 1. HP: 10/10 MP: 3/3
    53 | D:1      | Found a glowing golden altar of the Shining One.
    97 | D:1      | Reached skill level 4 in Earth Magic
    97 | D:1      | Reached XP level 2. HP: 15/15 MP: 0/5
   266 | D:1      | Reached XP level 3. HP: 19/19 MP: 4/6
  1056 | D:2      | Reached XP level 4. HP: 24/24 MP: 5/8
  1148 | D:2      | Reached skill level 5 in Earth Magic
  1358 | D:2      | Learned a level 3 spell: Stone Arrow
  1847 | D:3      | Found a runed translucent door.
  1848 | D:3      | Noticed Crazy Yiuf
  1902 | D:3      | Reached skill level 1 in Conjurations
  2335 | D:4      | Noticed Menkaure
  2361 | D:3      | Reached XP level 5. HP: 19/28 MP: 6/9
  2497 | D:4      | Got an ancient hand axe
  2550 | D:3      | Identified the +6 hand axe of Ibumu {flame, +Inv rC-
                  | Stlth+} (You found it on level 4 of the Dungeon)
  2588 | D:4      | Found a large runed translucent door.
  2588 | D:4      | Found a large runed translucent door.
  2590 | D:4      | Noticed Stelteck's ghost (weakling HOMo)
  2619 | D:4      | Killed Stelteck's ghost
  2619 | D:4      | Reached XP level 6. HP: 21/32 MP: 3/11
  3035 | D:4      | Got an encrusted short sword
  3100 | D:4      | Reached skill level 6 in Earth Magic
  3169 | D:4      | Noticed a sky beast
  3172 | D:4      | Killed a sky beast
  3303 | D:4      | Reached XP level 7. HP: 35/36 MP: 11/13
  3460 | D:4      | Killed Menkaure
  4327 | D:4      | Identified the +9 short sword of Fixation {chaos, rF+ rN+
                  | MR- Str+4} (You found it on level 4 of the Dungeon)
  4415 | D:3      | Killed Crazy Yiuf
  4415 | D:3      | Reached skill level 7 in Earth Magic
  4484 | D:5      | Entered Level 5 of the Dungeon
  4554 | D:5      | Learned a level 5 spell: Lee's Rapid Deconstruction
  4569 | D:5      | Reached skill level 5 in Spellcasting
  4654 | D:5      | Reached XP level 8. HP: 39/41 MP: 9/15
  4683 | D:5      | Reached skill level 5 in Conjurations
  4986 | D:5      | Found Riumpusm's Book Shop.
  5117 | D:5      | Reached skill level 8 in Earth Magic
  5835 | D:5      | Reached skill level 1 in Fighting
  5835 | D:5      | Reached XP level 9. HP: 47/47 MP: 4/18
  5870 | D:5      | Reached skill level 1 in Maces & Flails
  5870 | D:5      | Reached skill level 1 in Armour
  5877 | D:5      | Reached skill level 1 in Evocations
  6012 | D:5      | Noticed Grum
  6021 | D:5      | Killed Grum
  6404 | D:6      | Found a staircase to the Ecumenical Temple.
  6408 | D:6      | Noticed Grinder
  6410 | D:6      | Paralysed by Grinder for 2 turns
  6419 | D:6      | Killed Grinder
  6440 | Temple   | Entered the Ecumenical Temple
  6736 | D:6      | Reached skill level 9 in Earth Magic
  7726 | D:7      | Found a runed translucent gate.
  7727 | D:7      | Found a runed translucent gate.
  7727 | D:7      | Noticed MalarOregon's ghost (novice DrTm)
  7728 | D:7      | Found a runed translucent gate.
  7728 | D:7      | Noticed Flogoulo's ghost (novice GnCj)
  7754 | D:7      | Noticed Restia's ghost (novice FoFi)
  7754 | D:7      | Noticed Sassenached's ghost (novice GnWn)
  7918 | D:7      | Reached XP level 10. HP: 46/56 MP: 2/19
  8850 | D:8      | Noticed Erica
  8952 | D:8      | Noticed Maurice
  8989 | D:8      | Splashed by Maurice's acid

Illustrated notes

Levels and vault maps discovered:
D:1:      dpeg_arrival_leaves_temple_mockup, layout_basic, tso_metal_star
D:2:      layout_basic
D:3:      layout_basic, first_ration, uniq_crazy_yiuf_cottage
D:4:      layout_rooms, ebering_ghost_disaster_area, roderic_serpentine_path,
          minmay_misc_feat_four_crosses, uniq_menkaure
D:5:      layout_cave_pools, serial_shops, shop, serial_gnoll_camp,
          gnoll_camp_mini_doghouse, gnoll_camp_mini_loothouse,
          gnoll_camp_mini_house, grums_kennel, gnoll_camp_mini_hut,
          gnoll_camp_mini_basic
D:6:      layout_loops_ring, minmay_temple_entry_antechambers, uniq_grinder
D:7:      layout_loops_ring, gammafunk_ghost_cemetery, the_bakery,
          kb_lookout_dungeons_type
D:8:      layout_basic, minitemple, kennysheep_mini_moat,
          grunt_gozag_breadcrumbs, uniq_maurice, uniq_erica, uniq_grum
Temple:   compressed_dpeg_circular_temple

Skill      XL: |  1  2  3  4  5  6  7  8  9 10 |
---------------+-------------------------------+-----
Earth Magic    | 4 5 6 7 8 9 |  9.4
Spellcasting   | 3 4 5 6 |  6.7
Conjurations   | 1 2 3 4 6 7 |  7.3
Fighting       | 1 3 |  3.5
Maces & Flails | 2 3 |  3.2
Armour         | 2 3 |  3.4
Dodging        | 3 |  3.3
Evocations     | 2 |  2.9
Stealth        | |  2.3
Transmutations | |  0.7

Action                   |  1- 3 |  4- 6 |  7- 9 | 10-12 || total
-------------------------+-------+-------+-------+-------++-------
Melee: Mace              |     8 |     1 |       |       ||     9
       Dagger            |       |    20 |       |       ||    20
       Hand axe          |       |    20 |    88 |    17 ||   125
 Cast: Sandblast         |    52 |    64 |    64 |     5 ||   185
       Stone Arrow       |       |     5 |   100 |    33 ||   138
       Lee's Rapid Decon |       |       |     9 |     3 ||    12
  Use: Scroll            |     1 |     4 |     4 |       ||     9
       Potion            |       |       |     3 |       ||     3
 Stab: Sleeping          |       |       |     1 |       ||     1
  Eat: Chunk             |     1 |     7 |    15 |     3 ||    26
       Ration            |       |       |     2 |     1 ||     3
Armor: Robe              |     9 |    21 |    54 |       ||    84
       Animal skin       |       |       |    15 |    18 ||    33
Dodge: Dodged            |    26 |    41 |    98 |    26 ||   191

Table legend:
 A = Non-vault XP
 B = Vault XP
 C = Vault XP percentage of total XP
 D = Non-vault monster count
 E = Vault monster count
 F = Vault count percentage of total count
                 A         B        C        D         E       F
            +---------+---------+-------+---------+---------+-------
      Total |    3663 |    2111 |  36.6 |     183 |      37 |  16.8
            +---------+---------+-------+---------+---------+-------
        D:1 |      55 |       0 |   0.0 |      30 |       0 |   0.0
        D:2 |      44 |       0 |   0.0 |      21 |       0 |   0.0
        D:3 |      55 |      39 |  41.5 |      24 |       1 |   4.0
        D:4 |     536 |     239 |  30.8 |      27 |       2 |   6.9
        D:5 |     652 |    1195 |  64.7 |      29 |      31 |  51.7
        D:6 |     702 |     286 |  28.9 |      14 |       1 |   6.7
        D:7 |    1122 |     352 |  23.9 |      21 |       2 |   8.7
        D:8 |     497 |       0 |   0.0 |      17 |       0 |   0.0
            +---------+---------+-------+---------+---------+-------
